Map: Tempio ghiacciato

Players

DarkKnight - Winner!

  • Race: Terran Terran
  • League: Gold

Jhyrachy

  • Race: Protoss Protoss
  • League: Gold

VOD

Have the link to the VOD?

Description

Time

  • Played on: April 26, 2016, 6:15 p.m.
  • Length: 7:44
Show
View Real Time Build Order
Export as new Build Order

DarkKnight Terran - Winner!

Build Orders: Reaper Expand 

Get SALT Encoding   

  12  0:01  SCV  
  13  0:14  SCV  
  14  0:21  Supply Depot  
  14  0:26  SCV  
  15  0:43  SCV  
  15  0:47  Barracks  
  16  0:53  Refinery  
  16  0:55  SCV  
  17  1:07  SCV  
  18  1:24  Command Center  
  18  1:34  Orbital Command  
  18  1:44  Supply Depot  
  18  1:46  Reaper  
  19  2:03  Barracks  
  19  2:04  SCV  
  20  2:13  Refinery  
  20  2:16  SCV  
  21  2:28  SCV, Factory  
  22  2:39  Orbital Command  
  22  2:40  SCV  
  23  3:00  SCV  
  25  3:12  SCV  
  25  3:15  Barracks Reactor  
  25  3:18  Factory Tech Lab  
  25  3:19  Barracks Tech Lab  
  25  3:20  SCV  
  25  3:25  SCV  
  27  3:30  Orbital Command  
  27  3:33  Starport  
  27  3:37  Barracks  
  27  3:39  Engineering Bay  
  27  3:48  SCV  
  28  3:55  Bunker  
  28  3:58  Cyclone  
  28  3:59  Marine  
  28  4:00  Marine x2, SCV  
  28  4:02  Stimpack  
  35  4:10  Terran Infantry Weapons Level 1  
  35  4:11  SCV  
  35  4:13  SCV  
  37  4:21  Missile Turret  
  37  4:22  Missile Turret  
  37  4:23  SCV  
  38  4:25  SCV  
  38  4:26  Barracks Reactor  
  39  4:38  Starport Reactor  
  39  4:39  Marine x2  
  39  4:40  Marauder  
  39  4:44  SCV x2  
  45  4:52  Barracks  
  45  4:55  Supply Depot  
  45  4:56  SCV, Barracks  
  45  4:58  Supply Depot  
  46  5:03  Supply Depot  
  46  5:17  Marauder, Marine x4, SCV x2  
  54  5:29  SCV x2  
  56  5:40  Marine x2  
  56  5:41  Marauder, Marine x2, SCV  
  63  5:43  Medivac x2  
  63  5:46  Refinery, SCV  
  63  5:48  Refinery  
  68  5:53  SCV  
  68  5:55  Missile Turret  
  69  5:59  SCV  
  64  6:24  SCV x2  
  66  6:27  Missile Turret  
  66  6:30  Missile Turret  
  66  6:36  SCV  
  67  6:49  SCV x2  
  67  6:51  Supply Depot  
  69  6:55  Barracks Tech Lab  
  69  6:56  Barracks Reactor  
  69  7:00  Command Center  
  68  7:01  SCV  
  68  7:02  SCV  
  68  7:05  Supply Depot  
  70  7:15  Supply Depot  
  70  7:18  Engineering Bay  
  70  7:20  Supply Depot  
  70  7:27  SCV x2  
Show
View Real Time Build Order
Export as new Build Order

Jhyrachy Protoss 

Build Orders: Dark Templar Rush 

Get SALT Encoding   

  12  0:02  Probe (Chrono Boost)  
  13  0:13  Probe (Chrono Boost)  
  14  0:23  Pylon  
  14  0:26  Probe (Chrono Boost)  
  15  0:41  Probe (Chrono Boost)  
  16  0:43  Gateway  
  16  0:52  Assimilator, Probe (Chrono Boost)  
  17  1:02  Probe (Chrono Boost)  
  18  1:15  Probe (Chrono Boost)  
  19  1:26  Probe (Chrono Boost)  
  19  1:30  Pylon  
  20  1:34  Cybernetics Core  
  20  1:44  Gateway  
  20  1:49  Assimilator  
  20  1:50  Probe (Chrono Boost)  
  21  2:00  Probe (Chrono Boost)  
  22  2:45  Twilight Council  
  22  2:47  Mothership Core (Chrono Boost)  
  22  2:50  Pylon  
  22  3:03  Adept  
  22  3:04  Warp Gate (Chrono Boost)  
  23  3:10  Probe (Chrono Boost)  
  23  3:20  Probe (Chrono Boost)  
  23  3:24  Dark Shrine  
  24  3:31  Probe  
  25  3:43  Probe  
  26  3:55  Probe  
  29  4:11  Zealot  
  29  4:29  Gateway  
  29  4:31  Gateway  
  29  4:34  Pylon  
  29  4:35  Pylon  
  29  5:00  Dark Templar x2  
  33  5:32  Probe  
  33  5:33  Pylon  
  33  5:36  Dark Templar  
  33  5:37  Dark Templar x3  
  27  6:27  Dark Templar x2  
  31  6:41  Dark Templar  
  31  6:44  Adept  
  35  7:28  Nexus  
  35  7:30  Pylon  
  35  7:33  Pylon  
  22  7:39  Adept x4  
Tags
 
Add a new tag
Caveats
  • Supply blocks, unpowered buildings, or Contaminate may cause inaccurate times.
  • Supply counts are checked every 10 seconds.